 Dungeon Crawl Stone Soup version bcrawl-1.21.2-1-g32d02e0829 (webtiles) character file.

Game seed: 3420433988465939467

3613 Mrkan the Cleaver (level 9, -1/81 HPs)
             Began as a Minotaur Fighter on Feb 19, 2020.
             Was a Priest of Elyvilon.
             Slain by a troll (4 damage)
             ... on level 6 of the Dungeon.
             The game lasted 00:10:06 (6768 turns).

Mrkan the Cleaver (Minotaur Fighter)                Turns: 6768, Time: 00:10:07

Health: -1/81      AC: 16    Str: 27    XL:     9   Next: 86%
Magic:  11/11      EV:  6    Int:  5    God:    Elyvilon [***...]
Gold:   475        SH: 11    Dex: 12    Spells: 8/8 levels left

rFire    + . .     SeeInvis .   y - +0 hand axe (flame)
rCold    + . .     Gourm    .   c - +0 shield
rNeg     . . .     Faith    .   r - +0 plate armour
rPois    .         Spirit   .   (helmet restricted)
rElec    .         Reflect  .   q - scarf {rC+ rF+}
rCorr    .         Harm     .   (no gloves)
MR       .....                  C - +2 pair of boots
Stlth    ..........             (no amulet)
HPRegen  0.23/turn              (no ring)
MPRegen  0.12/turn              (no ring)

@: mighty, lightly drained
A: retaliatory headbutt, horns 2
a: Lesser Healing, Heal Other, Purification, Divine Protection, Renounce
Religion


You were on level 6 of the Dungeon.
You worshipped Elyvilon.
Elyvilon was most pleased with you.
You were very hungry.

You visited 1 branch of the dungeon, and saw 7 of its levels.
You also visited: Sewer.

You collected 475 gold pieces.

Inventory:

Hand Weapons
 y - a +0 hand axe of flaming (weapon)
Armour
 c - a +0 shield (worn)
 q - a scarf of resistance (worn)
 r - a +0 plate armour (worn)
 C - a +2 pair of boots (worn)
Jewellery
 b - a +4 ring of dexterity {unknown}
 A - an uncursed ring of fire {unknown}
Wands
 x - a wand of enslavement (7)
Scrolls
 h - 3 scrolls of identify {unknown}
 i - 4 scrolls of enchant weapon {unknown}
 j - a scroll of noise {unknown}
 l - 2 scrolls of teleportation {unknown}
 m - a scroll of fear {unknown}
 n - a scroll of fog {unknown}
 o - 2 scrolls of remove curse {unknown}
 p - 2 scrolls of magic mapping {unknown}
 s - a scroll of blinking {unknown}
 t - 2 scrolls of amnesia {unknown}
 u - 2 scrolls of enchant armour {unknown}
Potions
 a - a potion of brilliance {unknown}
 f - 5 potions of lignification {unknown}
 g - 5 potions of heal wounds {unknown}
 k - a potion of berserk rage {unknown}
 v - 3 potions of degeneration {unknown}
 w - 7 potions of curing {unknown}
 z - a potion of haste
Comestibles
 e - 9 rations {!d}


   Skills:
 + Level 8.0(7.5) Fighting
 * Level 10.3(9.8) Axes
 + Level 8.0(7.5) Armour
 + Level 7.9(7.4) Shields
 + Level 4.7(4.2) Invocations


You had 8 spell levels left.
You didn't know any spells.
Your spell library contained the following spells:

 Spells                   Type           Power        Failure   Level  Hunger
 Corona                   Hex            #......      100%        1    ##.....
 Ensorcelled Hibernation  Hex/Ice        #.....       100%        2    ###....
 Confuse                  Hex            #.......     100%        3    ####...
 Dazzling Spray           Conj/Hex       #.....       100%        3    ####...
 Tukima's Dance           Hex            #.......     100%        3    ####...


Dungeon Overview and Level Annotations

Branches:
Dungeon (7/12)
 Temple: D:4-7         Lair: D:7-9

Altars:
Dithmenos
Elyvilon
Nemelex Xobeh
Qazlal
Yredelemnul

Shops:
D:5 *


Innate Abilities, Weirdness & Mutations

You reflexively headbutt those who attack you in melee.
You have a pair of horns on your head.


Message History

The worker ant bites you but does no damage.
You block the troll's attack. The troll claws you!
* * * LOW HITPOINT WARNING * * *
You block the troll's attack.
There is a stone staircase leading up here.
The troll bites you but does no damage. The troll claws you but does no damage.
The troll claws you!
* * * LOW HITPOINT WARNING * * *
You climb upwards.
There is a stone staircase leading down here.
You feel very mighty all of a sudden.
You block the troll's attack. x2; The troll claws you but does no damage.
You slash the troll! You burn the troll.
The troll is moderately wounded.
The troll bites you but does no damage.
The troll claws you but does no damage. x2
You slash the troll! You burn the troll.
The troll is severely wounded.
You block the troll's attack. The troll closely misses you.
The troll claws you.
You die...

####### #############
###.....#
#...........######.......#
##...........##...#........
#............##...#........
#.........#####...#...#....
#..........................
#..........................
##.........@................
###.....###..T................
#........................###..
##....................##......
#....................##......
#.......####.........##......
##......##.....###....#......
#.............# #....#......
#[).....#.....###....#######


You could see a troll.

Vanquished Creatures
  Pikel (D:6)
  A deep elf mage (D:6)
  Eustachio (D:4)
  Menkaure (D:4)
  A water moccasin (D:6)
  2 orc warriors
  A sky beast (D:7)
  A slave (D:6)
  An ice beast (D:5)
  A necrophage (D:4)
  2 bullfrogs (Sewer)
  A big kobold (D:6)
  4 scorpions
  5 wights (D:7)
  2 bullfrog zombies
  4 crimson imps
  4 orc priests
  4 hounds
  A jelly (D:6)
  10 orc wizards
  2 centaur skeletons
  Natasha (D:4)
  2 iguanas
  7 worker ants
  A hound skeleton (D:6)
  A howler monkey zombie (D:7)
  Robin (D:2)
  A howler monkey skeleton (D:7)
  3 gnolls (D:4)
  9 adders
  15 oozes (Sewer)
  An adder skeleton (D:5)
  4 worms
  4 dart slugs
  10 leopard geckos
  28 orcs
  11 giant cockroaches
  12 goblins
  11 hobgoblins
  A jackal (D:6)
  6 quokkas
  9 ball pythons (Sewer)
  8 bats
  14 frilled lizards
  7 kobolds
  4 rats
221 creatures vanquished.

Vanquished Creatures (others)
  2 slaves (D:6)
  An ogre (D:6)
  A crimson imp (D:6)
  A leopard gecko (D:6)
  2 orcs (D:6)
  A plant (D:5)
8 creatures vanquished.

Grand Total: 229 creatures vanquished

Notes
Turn   | Place    | Note
-------+----------+-------------------------------------------
     0 | D:1      | Mrkan the Minotaur Fighter began the quest for the Orb.
     0 | D:1      | Reached XP level 1. HP: 19/19 MP: 0/0
   467 | D:1      | Reached XP level 2. HP: 27/27 MP: 1/1
   553 | D:1      | Reached skill level 3 in Axes
   912 | D:2      | Reached XP level 3. HP: 33/33 MP: 2/2
   972 | D:2      | Reached XP level 4. HP: 35/40 MP: 3/3
  1041 | D:2      | Reached skill level 4 in Axes
  1133 | D:2      | Noticed Robin
  1149 | D:2      | Killed Robin
  1794 | D:3      | Found a glowing drain.
  1874 | Sewer    | Entered a sewer
  1878 | Sewer    | Reached XP level 5. HP: 45/47 MP: 4/4
  2056 | Sewer    | Reached skill level 5 in Axes
  2121 | Sewer    | Reached XP level 6. HP: 24/55 MP: 5/5
  2123 | Sewer    | Reached skill level 5 in Fighting
  2123 | Sewer    | Reached skill level 5 in Armour
  2123 | Sewer    | Reached skill level 5 in Shields
  2347 | D:3      | Found a white marble altar of Elyvilon.
  2361 | D:3      | Found a shadowy altar of Dithmenos.
  2405 | D:3      | Became a worshipper of Elyvilon the Healer
  2554 | D:3      | Found a faded altar of an unknown god.
  2885 | D:4      | Reached skill level 6 in Axes
  2932 | D:4      | Reached XP level 7. HP: 56/61 MP: 6/6
  2953 | D:4      | Reached * piety under Elyvilon
  2989 | D:4      | Reached skill level 1 in Invocations
  3075 | D:4      | Noticed Eustachio
  3092 | D:4      | Killed Eustachio
  3282 | D:4      | Noticed Natasha
  3288 | D:4      | Killed Natasha
  3338 | D:4      | Found a stormy altar of Qazlal.
  3364 | D:4      | Reached skill level 7 in Axes
  3765 | D:4      | Reached XP level 8. HP: 35/70 MP: 8/8
  3780 | D:4      | Noticed Menkaure
  3798 | D:5      | Entered Level 5 of the Dungeon
  4132 | D:4      | Killed Menkaure
  4410 | D:5      | Found Erry's Assorted Antiques.
  4472 | D:5      | Reached skill level 8 in Axes
  4478 | D:5      | Found a sparkling altar of Nemelex Xobeh.
  4772 | D:5      | Reached ** piety under Elyvilon
  5340 | D:6      | Noticed Pikel
  5386 | D:6      | Killed Pikel
  5386 | D:6      | Reached skill level 9 in Axes
  5386 | D:6      | Reached XP level 9. HP: 77/79 MP: 10/10
  5988 | D:6      | Reached *** piety under Elyvilon
  6159 | D:6      | Noticed a deep elf mage
  6173 | D:6      | Killed a deep elf mage
  6173 | D:6      | Reached skill level 10 in Axes
  6600 | D:7      | Found a basalt altar of Yredelemnul.
  6699 | D:7      | Noticed a troll
  6727 | D:7      | Elyvilon protects you from harm!
  6764 | D:7      | HP: 2/81 [troll (7)]
  6768 | D:6      | Slain by a troll

Skill      XL: |  1  2  3  4  5  6  7  8  9 |
---------------+----------------------------+-----
Axes           | 3 4 5 6 7 9 10 | 10.3
Fighting       | 4 5 6 7 8 |  8.0
Armour         | 4 5 6 7 8 |  8.0
Shields        | 4 5 7 |  7.9
Invocations    | 2 3 4 |  4.7

Action                   |  1- 3 |  4- 6 |  7- 9 || total
-------------------------+-------+-------+-------++-------
Melee: War axe           |    59 |   180 |       ||   239
       Headbutt          |     6 |    26 |    85 ||   117
       Hand axe          |       |    15 |   383 ||   398
  Use: Potion            |       |     1 |     1 ||     2
  Eat: Chunk             |       |     6 |     9 ||    15
       Ration            |       |       |     1 ||     1
Armor: Scale mail        |    31 |    32 |       ||    63
       Plate armour      |       |   106 |   219 ||   325
Dodge: Dodged            |    20 |    40 |    71 ||   131
Block: Shield            |    43 |   138 |   221 ||   402
